 Dungeon Sprint DCSS version 0.23.2-30-g0e89c35649 (webtiles) character file.

Game seed: 8980169468335883263

14200000 Aldia the Axe Maniac (level 27, -32/273 HPs)
             Began as a Ghoul Warper on June 15, 2019.
             Was the Champion of Makhleb.
             Annihilated by a fleshlord
             ... wielding a +9 great mace
              (305 damage)
             ... in the Dungeon (Sprint VIII: "Arena of Blood").
             The game lasted 00:03:17 (142 turns).

Aldia the Axe Maniac (Ghoul Warper)                  Turns: 142, Time: 00:03:18

Health: -32/273    AC:  6    Str: 19    XL:     27
Magic:  51/53      EV: 32    Int:  8    God:    Makhleb [******]
Gold:   0          SH:  0    Dex: 17    Spells: 80/80 levels left

rFire    + . .     SeeInvis +   b - +∞ Axe of Woe
rCold    + . .     Gourm    .   (shield currently unavailable)
rNeg     + + +     Faith    .   a - +0 leather armour
rPois    ∞         Spirit   .   (no helmet)
rElec    .         Reflect  .   (no cloak)
rCorr    .         Harm     .   (no gloves)
MR       ++...     NoTele   +   (no boots)
Stlth    +++++++++.             (no amulet)
HPRegen  0.00/turn              k - ring of see invisible
MPRegen  0.33/turn              l - ring of protection from fire

@: rotting, slowed, very slow
A: rotting body, claws 1, carnivore, cold resistance 1, negative energy
resistance 3, inhibited regeneration, torment resistance, unbreathing
a: Minor Destruction, Lesser Servant of Makhleb, Major Destruction, Greater
Servant of Makhleb, Renounce Religion


You were in the Dungeon.
You worshipped Makhleb.
Makhleb was exalted by your worship.
You were not hungry.

You visited 1 branch

Inventory:

Hand Weapons
 b - the +∞ Axe of Woe (weapon)
   (You found it in the Dungeon)
Missiles
 d - 5 tomahawks of dispersal (quivered)
Armour
 a - a +0 leather armour (worn)
Jewellery
 k - a ring of see invisible (left claw)
 l - a ring of protection from fire (right claw)
Scrolls
 c - 2 scrolls of blinking
Potions
 e - a potion of curing
 g - a potion of heal wounds
 h - a potion of haste
 i - 2 potions of magic
 j - a potion of berserk rage
Comestibles
 f - a ration


   Skills:
 O Level 27 Fighting
 O Level 27 Axes
 O Level 27 Throwing
 O Level 27 Armour
 O Level 27 Dodging
 O Level 27 Stealth
 O Level 27 Unarmed Combat
 O Level 27 Spellcasting
   Level 2.6 Translocations
 O Level 27 Invocations


You had 80 spell levels left.
You didn't know any spells.
Your spell library contained the following spells:

 Spells                   Type           Power        Failure   Level  Hunger
 Blink                    Tloc           N/A          1%          2    None
 Shroud of Golubria       Chrm/Tloc      ##........   2%          2    None
 Gell's Gravitas          Tloc           ###.......   3%          3    None
 Lesser Beckoning         Tloc           ###.......   3%          3    None
 Teleport Other           Tloc           ###.....     3%          3    None
 Passage of Golubria      Tloc           N/A          10%         4    ##.....


Dungeon Overview and Level Annotations

Branches:
Dungeon (1/1)

Altars:
Makhleb

Annotations:
D The Captor


Innate Abilities, Weirdness & Mutations

Your body is rotting away.
You thrive on raw meat.
You are immune to poison.
You have sharp fingernails.
You are carnivorous and can eat meat at any time.
Your flesh is cold resistant. (rC+)
You are immune to negative energy. (rN+++)
You do not regenerate when monsters are visible.
You are immune to unholy pain and torment.
You can survive without breathing.


Message History

The Captor casts a spell at you.
The wretched soul is unaffected.
You hear a shout! x2
The fleshlord casts a spell at you.
You feel as though you will be slow longer.
You hear a shout!
The destroyer blinks!
You hear a shout! x3
A destroyer comes into view.
It is wielding a +9 great sword of slicing.
The destroyer shouts!
You slice the bag of meat!!
You fatally mangle the bag of meat.
You kill the bag of meat!
Makhleb accepts your kill.
You hear a shout! x2
The observer pulsates ominously.
You hear a shout! x3
The destroyer blinks!
The fleshlord hits you with a +9 great mace!!!!!!
Ouch! That really hurt!
You die... #oV...... #........ #....... . #oS.oWo

...# #o@W.# ....
#o.S.##.. #...
#pp...#.o ....
#@V.O..###. ....
#))...##.... ....
#.§..#........#...
#D..G#.p..........
#.)..............#
#..V..........S...
#.))..............
#......§..#.M.....
#....†)))#.#X#X.X.


You could see an eight-headed meat hydra, 3 destroyers, an observer (invisible),
2 scourges, 2 fleshlords, 2 wretched souls, The Captor, a meat berserker
(berserk) and 7 bags of meat.

Vanquished Creatures
  3 hell knights (D)
  11 hell beasts (D)
  4 greater mummies (D)
  8 great orbs of eyes (D)
  6 wraiths (D)
  Harold (D)
  12 vampire knights (D)
  34 ogres (D)
  6 two-headed ogres (D)
  4 liches (D)
  4 hydras (D)
  66 orcs (D)
  3 phantoms (D)
  2 skeletal warriors (D)
  3 sea snakes (D)
  4 large abominations (D)
  9 small abominations (D)
  8 crawling corpses (D)
188 creatures vanquished.

Vanquished Creatures (others)
  2 crawling corpses (D)
2 creatures vanquished.

Grand Total: 190 creatures vanquished

Notes
Turn   | Place    | Note
-------+----------+-------------------------------------------
     0 | D        | Found the +∞ Axe of Woe
     0 | D        | Aldia the Ghoul Warper began the quest for the Orb.
     0 | D        | Reached XP level 1. HP: 17/17 MP: 2/2
     0 | D        | Noticed a bag of meat
     3 | D        | Killed a bag of meat
     3 | D        | Reached XP level 2. HP: 47/47 MP: 3/3
     3 | D        | Reached XP level 3. HP: 53/53 MP: 4/4
     3 | D        | Reached XP level 4. HP: 61/61 MP: 5/5
     3 | D        | Reached XP level 5. HP: 68/68 MP: 6/6
     3 | D        | Reached XP level 6. HP: 75/75 MP: 7/7
     3 | D        | Reached XP level 7. HP: 82/82 MP: 8/8
     3 | D        | Reached XP level 8. HP: 90/90 MP: 9/9
     3 | D        | Reached XP level 9. HP: 96/96 MP: 10/10
     3 | D        | Reached XP level 10. HP: 104/104 MP: 11/11
     3 | D        | Reached XP level 11. HP: 111/111 MP: 12/12
     3 | D        | Reached XP level 12. HP: 118/118 MP: 13/13
     3 | D        | Noticed a bag of meat
     5 | D        | Became a worshipper of Makhleb the Destroyer
     6 | D        | Noticed a bag of meat
     6 | D        | Noticed a bag of meat
     8 | D        | Killed a bag of meat
     8 | D        | Reached XP level 13. HP: 130/130 MP: 14/14
     9 | D        | Noticed a bag of meat
     9 | D        | Noticed a bag of meat
     9 | D        | Noticed a bag of meat
     9 | D        | Noticed a meat berserker
    10 | D        | Killed a bag of meat
    10 | D        | Reached skill level 15 in Armour
    10 | D        | Reached skill level 15 in Dodging
    10 | D        | Reached XP level 14. HP: 141/141 MP: 15/15
    10 | D        | Noticed a meat berserker
    10 | D        | Noticed a bag of meat
    10 | D        | Noticed a bag of meat
    10 | D        | Noticed a bag of meat
    11 | D        | Noticed a bag of meat
    11 | D        | Noticed a bag of meat
    11 | D        | Noticed a meat berserker
    11 | D        | Noticed a bag of meat
    11 | D        | Noticed a bag of meat
    11 | D        | Noticed a bag of meat
    11 | D        | Noticed a bag of meat
    12 | D        | Noticed a bag of meat
    12 | D        | Noticed a meat berserker
    12 | D        | Noticed a bag of meat
    12 | D        | Noticed a meat berserker
    12 | D        | Noticed a bag of meat
    12 | D        | Noticed a bag of meat
    13 | D        | Killed a bag of meat
    13 | D        | Reached * piety under Makhleb
    13 | D        | Killed a bag of meat
    13 | D        | Reached XP level 15. HP: 155/155 MP: 16/16
    13 | D        | Reached ** piety under Makhleb
    14 | D        | Killed a meat berserker
    14 | D        | Reached XP level 16. HP: 170/170 MP: 17/17
    14 | D        | Noticed a large bag of meat
    15 | D        | Reached *** piety under Makhleb
    15 | D        | Reached skill level 27 in Axes
    15 | D        | Reached XP level 17. HP: 181/181 MP: 18/18
    15 | D        | Killed a meat berserker
    16 | D        | Reached XP level 18. HP: 199/199 MP: 19/19
    16 | D        | Reached **** piety under Makhleb
    16 | D        | Reached skill level 27 in Fighting
    17 | D        | Killed a meat berserker
    17 | D        | Reached skill level 27 in Armour
    17 | D        | Reached skill level 27 in Dodging
    17 | D        | Reached XP level 19. HP: 207/207 MP: 19/31
    18 | D        | Killed a meat berserker
    18 | D        | Killed a meat berserker
    18 | D        | Reached ***** piety under Makhleb
    18 | D        | Reached skill level 27 in Invocations
    18 | D        | Reached XP level 20. HP: 216/216 MP: 19/36
    19 | D        | Noticed a meat berserker
    20 | D        | Reached skill level 10 in Spellcasting
    20 | D        | Reached skill level 15 in Unarmed Combat
    20 | D        | Reached skill level 15 in Throwing
    21 | D        | Noticed a meat berserker
    22 | D        | Noticed a large bag of meat
    22 | D        | Reached skill level 15 in Spellcasting
    22 | D        | Reached XP level 21. HP: 206/224 MP: 20/39
    22 | D        | Reached ****** piety under Makhleb
    23 | D        | Killed a large bag of meat
    23 | D        | Reached XP level 22. HP: 233/233 MP: 20/44
    25 | D        | Reached skill level 27 in Stealth
    25 | D        | Reached skill level 27 in Unarmed Combat
    27 | D        | Noticed a destroyer
    27 | D        | Reached XP level 23. HP: 240/240 MP: 21/50
    31 | D        | Killed a destroyer
    31 | D        | Reached skill level 27 in Throwing
    31 | D        | Reached skill level 27 in Spellcasting
    31 | D        | Noticed a destroyer
    32 | D        | Killed a large bag of meat
    32 | D        | Reached XP level 24. HP: 249/249 MP: 22/53
    35 | D        | Noticed a destroyer
    38 | D        | Killed a destroyer
    38 | D        | Reached XP level 25. HP: 257/257 MP: 24/53
    39 | D        | Killed a destroyer
    40 | D        | Noticed a destroyer
    44 | D        | Noticed a tyrant
    47 | D        | Killed a tyrant
    47 | D        | Reached XP level 26. HP: 266/266 MP: 26/53
    48 | D        | Killed a destroyer
    51 | D        | Noticed an accursed
    52 | D        | Noticed a large bag of meat
    55 | D        | Noticed a large bag of meat
    55 | D        | Noticed a destroyer
    56 | D        | Noticed a large bag of meat
    56 | D        | Noticed a destroyer
    57 | D        | Killed a large bag of meat
    57 | D        | Reached XP level 27. HP: 273/273 MP: 29/53
    58 | D        | Killed an accursed
    58 | D        | Noticed a meat beast
    60 | D        | Killed a destroyer
    61 | D        | Noticed a dread
    62 | D        | Noticed a meat beast
    62 | D        | Noticed a destroyer
    63 | D        | Killed a dread
    63 | D        | Killed a meat beast
    64 | D        | Killed a large bag of meat
    66 | D        | Noticed a dread
    66 | D        | Killed a meat beast
    67 | D        | Noticed a dread
    67 | D        | Killed a destroyer
    67 | D        | Noticed a destroyer
    68 | D        | Noticed a meat beast
    68 | D        | Noticed The Servant
    68 | D        | Noticed a large bag of meat
    69 | D        | Killed a dread
    71 | D        | Killed a dread
    71 | D        | Noticed a dread
    72 | D        | Killed a meat beast
    73 | D        | Killed a destroyer
    73 | D        | Killed a destroyer
    73 | D        | Noticed a tyrant
    74 | D        | Killed a large bag of meat
    74 | D        | Noticed a meat beast
    74 | D        | Noticed a meat beast
    76 | D        | Noticed a destroyer
    77 | D        | Noticed a destroyer
    78 | D        | Killed The Servant
    78 | D        | Killed a dread
    79 | D        | Killed a large bag of meat
    79 | D        | Killed a meat beast
    80 | D        | Noticed a dread
    80 | D        | Noticed a meat beast
    80 | D        | Noticed a dread
    83 | D        | Killed a meat beast
    85 | D        | Killed a meat beast
    86 | D        | Noticed a meat beast
    90 | D        | Killed a meat beast
    92 | D        | Killed a dread
    94 | D        | Noticed a destroyer
    94 | D        | Noticed a meat beast
    95 | D        | Noticed a meat beast
    96 | D        | Killed a destroyer
    96 | D        | Killed a tyrant
    98 | D        | Noticed a destroyer
    99 | D        | Noticed a tyrant
    99 | D        | Killed a meat beast
   100 | D        | Killed a destroyer
   100 | D        | Noticed a meat beast
   100 | D        | Noticed a tyrant
   100 | D        | Noticed an accursed
   101 | D        | Killed a meat beast
   103 | D        | Killed a destroyer
   103 | D        | Killed a destroyer
   105 | D        | Killed a tyrant
   105 | D        | Noticed an accursed
   105 | D        | Noticed an accursed
   107 | D        | Killed an accursed
   108 | D        | Killed a meat beast
   110 | D        | Killed an accursed
   112 | D        | Killed a dread
   118 | D        | Killed a tyrant
   124 | D        | Noticed a fleshlord
   128 | D        | Killed a fleshlord
   130 | D        | Noticed a fleshlord
   130 | D        | Noticed a fleshlord
   131 | D        | Noticed The Captor
   132 | D        | Noticed a meat beast
   133 | D        | Noticed a fleshlord
   133 | D        | Noticed a fleshlord
   135 | D        | Killed a meat beast
   136 | D        | Killed a fleshlord
   136 | D        | Killed an accursed
   136 | D        | Killed a fleshlord
   140 | D        | Noticed a destroyer
   140 | D        | Noticed a destroyer
   142 | D        | Noticed a destroyer
   142 | D        | Annihilated by a fleshlord

Skill      XL: |  1  2  3  4  5  6  7  8  9 10 11 12 13 14 15 16 17 18 19 20 21 22 23 |
---------------+----------------------------------------------------------------------+-----
Fighting       | 14 16 17 19 22 23 26 27 | 27.0
Axes           | 16 18 20 22 25 27 | 27.0
Armour         | 12 14 15 17 19 20 23 27 | 27.0
Dodging        | 12 14 15 17 19 20 23 27 | 27.0
Invocations    | 18 27 | 27.0
Throwing       | 9 16 21 26 27 | 27.0
Stealth        | 11 20 25 27 | 27.0
Unarmed Combat | 11 19 24 27 | 27.0
Spellcasting   | 8 15 19 24 27 | 27.0
Translocations | |  2.6

Action                   |  1- 3 |  4- 6 |  7- 9 | 10-12 | 13-15 | 16-18 | 19-21 | 22-24 | 25-27 || total
-------------------------+-------+-------+-------+-------+-------+-------+-------+-------+-------++-------
Melee: Executioner's axe |     1 |       |       |     1 |     3 |     3 |     4 |     7 |    69 ||    88
Armor: Leather armour    |       |       |       |       |       |       |       |       |     2 ||     2
Dodge: Dodged            |       |       |       |       |       |     1 |       |     1 |    10 ||    12
